 Dungeon Crawl Stone Soup version 0.31.0 (webtiles) character file.

Game seed: 13956559752737087745

2573 MollyMolluskus the Grappler (level 9, -2/57 (62) HPs)
             Began as an Octopode Fighter on Jan 19, 2024.
             Slain by a wight
             ... wielding a +0 scimitar
              (3 damage)
             ... on level 6 of the Dungeon.
             The game lasted 00:23:09 (5034 turns).

MollyMolluskus the Grappler (Octopode Fighter)      Turns: 5034, Time: 00:23:10

HP:   -2/57 (62)    AC:  1    Str: 24    XL:     9   Next: 57%
MP:   9/9           EV: 17    Int:  9    God:
Gold: 327           SH:  6    Dex: 22    Spells: 8/8 levels left

rFire   . .          .
                       - Unarmed
rCold   + . .        a - +0 buckler
rNeg    . . .        (helmet restricted)
rPois   .            (no amulet)
rElec   .            i - ring of protection from cold
rCorr   .            r - +6 ring of dexterity
SInv    .            t - +6 ring of strength
Will    .....        (no ring)
Stlth   ++++         (no ring)
HPRegen 0.29/turn    (no ring)
MPRegen 0.11/turn    (no ring)
                     (no ring)

%: no passive effects
@: drained
A: almost no armour, amphibious, 8 rings, camouflage 1, gelatinous body 1,
(nimble swimmer 1), tentacles, antennae 1, agile 1, wild magic 1
a: no special abilities


You were on level 6 of the Dungeon.
You visited 1 branch of the dungeon, and saw 6 of its levels.

You collected 327 gold pieces.

Inventory:

Missiles
 c - 8 poisoned darts
 e - 43 stones (quivered)
 s - a curare-tipped dart
Armour
 a - a +0 buckler (worn)
Jewellery
 g - a ring of wizardry
 i - a ring of protection from cold (left tentacle)
 r - a +6 ring of dexterity (right tentacle)
 t - a +6 ring of strength (on tentacle)
Scrolls
 h - a scroll of fog
 l - a scroll of poison
 m - a scroll of enchant weapon
 v - a scroll of blinking {unknown}
 w - a scroll of silence
Potions
 b - 2 potions of curing {unknown}
 d - 2 potions of lignification
 f - a potion of invisibility {unknown}
 j - a potion of cancellation {unknown}
 k - a potion of mutation
 n - a potion of haste {unknown}
 o - a potion of resistance {unknown}
 p - a potion of enlightenment {unknown}
 q - a potion of brilliance {unknown}
 u - a potion of berserk rage {unknown}


   Skills:
 + Level 6.2 Fighting
 + Level 6.2 Dodging
 - Level 4.0 Stealth
 - Level 6.0 Shields
 * Level 8.3 Unarmed Combat


You had 8 spell levels left.
You didn't know any spells.
Your spell library was empty.

Dungeon Overview and Level Annotations

Branches:
Dungeon (6/15)
 Temple: D:4-7

Altars:
Gozag
Nemelex Xobeh
Uskayaw

Shops:
D:4 *

Annotations:
D:6 3 runed translucent doors, Kazon's ghost, novice OpSh


Innate Abilities, Weirdness & Mutations

You cannot wear most types of armour.
You are amphibious.
You can wear up to eight rings at the same time.
Your skin changes colour to match your surroundings (Stealth+).
Your rubbery body absorbs attacks. (AC +1, EV +1)
((You are camouflaged when in or above water. (Stealth+)))
You have tentacles for arms and can constrict up to eight enemies at once.
You have a pair of small antennae on your head.
You are agile. (Dex +4, Str/Int -1)
Your spells are a little harder to cast, but a little more powerful.


Message History

The wight is moderately damaged.
You constrict the wight. The wight misses you.
You tentacle-slap the orc priest. You grab the orc priest.
The orc priest is moderately wounded.
You constrict the wight. You constrict the orc priest.
The wight hits you with a +0 falchion! The orc priest closely misses you.
You tentacle-slap the orc priest.
The orc priest is heavily wounded.
You constrict the wight. You constrict the orc priest.
The wight barely misses you. You block the orc priest's attack.
You batter the orc priest!!
You kill the orc priest!
You constrict the wight.
You destroy the wight!
You barely miss the wight. Your grab misses the wight.
The wight hits you with a +4 dire flail!
You tentacle-slap the wight. You grab the wight.
The wight is lightly damaged.
You constrict the wight, but do no damage.
The wight closely misses you. The wight misses you.
You bludgeon the wight! You grab the wight.
You squeeze the wight, but do no damage.
The wight is heavily damaged.
You constrict the wight, but do no damage.
You constrict the wight. You block the wight's attack.
The wight hits you with a +4 spear!
You feel drained.
You tentacle-slap the wight. You squeeze the wight.
You destroy the wight!
You constrict the wight. The wight hits you with a +4 spear!
* * * LOW HITPOINT WARNING * * *
You feel drained.
* * * LOW HITPOINT WARNING * * *
Unknown command.
You barely miss the wight. Your grab misses the wight. You constrict the wight.
The wight hits you with a +4 spear.
* * * LOW HITPOINT WARNING * * *
The wight hits you with a +0 scimitar!
* * * LOW HITPOINT WARNING * * *
You feel drained.
You die...

####### #..####
#.....# ### #..#.{.
#..>..####.###..#...
#...............#...
#.....####<###..#.$.
##.....###### #..#...
#........# #..#...
#.##.###.# #..#...
#.##@## .# #..###+ #
#z#z# # #...... ##)##
#...... #z# #
##..[... #.##.##..#
##....... #...oz.$.#
#........
####oz......+........
#.#...####........
#..#.## ##.......


You could see 2 wights.

Vanquished Creatures
  Pikel (D:4)
  Sigmund (D:5)
  Eustachio (D:5)
  Edmund (D:4)
  An ice beast (D:6)
  Pargi (D:3)
  3 black bears
  An ogre (D:6)
  2 phantoms
  A kobold brigand (D:5)
  2 bullfrogs (D:6)
  A scorpion (D:5)
  6 wights (D:6)
  A howler monkey (D:6)
  A hound (D:6)
  2 orc priests
  A gnoll bouda (D:5)
  Terence (D:3)
  An orc wizard (D:6)
  4 adders
  8 gnolls
  2 white imps (D:6)
  2 ufetubi (D:6)
  A dart slug (D:3)
  A ribbon worm (D:4)
  11 orcs
  4 endoplasms
  6 giant cockroaches
  6 goblins
  6 hobgoblins
  16 jackals
  5 quokkas
  4 ball pythons
  5 bats
  2 frilled lizards (D:1)
  10 kobolds
  5 rats
127 creatures vanquished.

Notes
Turn   | Place    | Note
-------+----------+-------------------------------------------
     0 | D:1      | MollyMolluskus the Octopode Fighter began the quest for the
                  | Orb.
     0 | D:1      | Reached XP level 1. HP: 16/16 MP: 1/1
   201 | D:1      | Reached XP level 2. HP: 17/21 MP: 2/2
   366 | D:1      | Reached skill level 1 in Stealth
   750 | D:2      | Reached XP level 3. HP: 15/26 MP: 3/3
  1208 | D:2      | Found an opulent altar of Gozag.
  1323 | D:2      | Reached XP level 4. HP: 31/31 MP: 4/4
  1332 | D:2      | Reached skill level 3 in Unarmed Combat
  1580 | D:3      | Noticed Terence
  1595 | D:3      | Killed Terence
  1596 | D:3      | Reached XP level 5. HP: 18/36 MP: 5/5
  1790 | D:3      | Noticed Pargi
  1801 | D:3      | Killed Pargi
  1802 | D:3      | Reached XP level 6. HP: 16/43 MP: 6/6
  2426 | D:4      | Reached skill level 4 in Unarmed Combat
  2564 | D:4      | Noticed Pikel
  2572 | D:4      | Killed Pikel
  2573 | D:4      | Reached skill level 5 in Unarmed Combat
  2573 | D:4      | Reached XP level 7. HP: 49/49 MP: 7/7
  2745 | D:4      | Found a hide-covered altar of Uskayaw.
  2865 | D:4      | Reached XP level 8. HP: 38/54 MP: 8/8
  3309 | D:4      | Found Huhuthreu's Elemental Accessories.
  3320 | D:4      | Noticed Edmund
  3331 | D:4      | Killed Edmund
  3332 | D:4      | Reached skill level 6 in Unarmed Combat
  3421 | D:5      | Entered Level 5 of the Dungeon
  3531 | D:5      | Noticed Eustachio
  3556 | D:5      | Reached skill level 5 in Fighting
  3556 | D:5      | Reached skill level 5 in Dodging
  3556 | D:5      | Gained mutation: You are agile. (Dex +4, Str/Int -1)
                  | [potion of mutation]
  3556 | D:5      | Gained mutation: You have a pair of small antennae on your
                  | head. [potion of mutation]
  3556 | D:5      | Gained mutation: Your spells are a little harder to cast,
                  | but a little more powerful. [potion of mutation]
  3600 | D:5      | Reached skill level 5 in Shields
  3789 | D:5      | Noticed Sigmund
  3800 | D:5      | Killed Sigmund
  3843 | D:5      | Reached skill level 7 in Unarmed Combat
  3875 | D:5      | Killed Eustachio
  3876 | D:5      | Reached XP level 9. HP: 31/61 MP: 9/9
  3992 | D:5      | Identified a scroll of acquirement
  3992 | D:5      | Acquired a +6 ring of strength
  4424 | D:6      | Found a runed translucent gate.
  4464 | D:6      | Found a runed translucent gate.
  4464 | D:6      | Found a runed translucent gate.
  4469 | D:6      | Noticed a boulder beetle
  4469 | D:6      | Noticed Kazon's ghost (novice OpSh)
  4759 | D:6      | Identified the +6 quarterstaff "Vuupar" {protect, rElec rN+
                  | Will- rCorr}
  4789 | D:6      | Found an opulent altar of Gozag.
  4789 | D:6      | Found a sparkling altar of Nemelex Xobeh.
  4975 | D:6      | Reached skill level 8 in Unarmed Combat
  5034 | D:6      | HP: 1/59 [wight/+0 scimitar (9)]
  5034 | D:6      | Slain by a wight

Illustrated notes

Levels and vault maps discovered:
D:1:      heliophobic_arrival_enchanted_forest, layout_basic
D:2:      layout_basic, basic_altar, hangedman_decor_clover_reticule
D:3:      layout_basic, uniq_pargi, uniq_terence
D:4:      layout_basic, amcnicky_altar_gilded, nicolae_elemental_shop,
          minmay_misc_feat_roman, uniq_edmund, uniq_pikel
D:5:      layout_cave_pools, uniq_sigmund, uniq_eustachio
D:6:      layout_loops_corners, grunt_temple_overflow_opulence,
          gammafunk_ghost_split, serial_library_hellmonk_u_bend,
          hangedman_abyss_or_decor_stagger

Skill      XL: |  1  2  3  4  5  6  7  8  9 |
---------------+----------------------------+-----
Stealth        | 1 2 4 |  4.0
Unarmed Combat | 3 5 7 8 |  8.3
Fighting       | 4 5 6 |  6.2
Dodging        | 4 5 6 |  6.2
Shields        | 4 5 6 |  6.0

Action                     |  1- 3 |  4- 6 |  7- 9 || total
---------------------------+-------+-------+-------++-------
  Melee: Unarmed           |    75 |    81 |   154 ||   310
         Constrict         |    20 |    24 |    35 ||    79
         Tentacles         |    10 |    21 |    41 ||    72
         Punch             |     1 |     4 |     7 ||    12
  Throw: Dart              |     1 |       |     7 ||     8
         Stone             |     1 |       |     3 ||     4
    Use: Scroll            |     5 |     4 |     6 ||    15
         Potion            |       |     3 |     1 ||     4
   Stab: Sleeping          |    12 |     6 |    10 ||    28
         Distracted        |       |       |     1 ||     1
 Armour: Skin              |    24 |    43 |    54 ||   121
  Dodge: Dodged            |    34 |    40 |    91 ||   165
  Block: Buckler           |    11 |    15 |    51 ||    77
